[Event "Titled Tuesday Blitz May 30 Early 2023"]
[White "Ibarra Jerez, Jose Carlos"]
[Black "Deac, Bogdan-Daniel"]
[WhiteFideId "2226332"]
[BlackFideId "1226380"]
[WhiteElo "2638"]
[BlackElo "2649"]
[Result "0-1"]
[Round "08"]
[TimeControl "180+2"]
[Date "2023.05.30"]
[WhiteClock "0:00:00"]
[BlackClock "0:00:06"]

1. e4 c6 2. Nf3 d5 3. d3 Nd7 4. Qe2 dxe4 5. dxe4 e5 6. Nbd2 Ngf6 7. Nc4 Qc7 8. a4 Bc5 9. c3 a5 10. h3 O-O 11. Qc2 b5 12. Ncd2 bxa4 13. Rxa4 Nb6 14. Ra1 a4 15. Be2 h6 16. O-O Be6 17. Rb1 Rfd8 18. b4 axb3 19. Nxb3 Be7 20. Be3 Nc4 21. Bxc4 Bxc4 22. Rfd1 Nd7 23. Nfd2 Be6 24. Ra1 Rdb8 25. Rxa8 Rxa8 26. Rb1 Ra3 27. Nc1 Qa5 28. Ne2 Bc5 29. Bxc5 Nxc5 30. Rb4 Ra2 31. Rb2 Ra1+ 32. Kh2 Kh7 33. Rb1 Ra2 34. Rb2 Ra1 35. Rb1 Qa4 36. Qxa4 Rxa4 37. Ng3 Ra2 38. Ngf1 Rc2 39. Rb6 Bd7 40. c4 h5 41. h4 f6 42. f3 Kg6 43. Rb8 Kf7 44. Rd8 Ke7 45. Rg8 Ne6 46. Rh8 Be8 47. Kg1 Nd4 48. Rg8 g6 49. Rh8 Bf7 50. Rc8 Bxc4 51. Nxc4 Rxc4 52. Ne3 Rc3 53. Kf2 Kf7 54. Rc7+ Kf8 55. Rc8+ Kf7 56. Rc7+ Ke6 57. Rg7 Rc1 58. Rxg6 Ra1 59. Rg8 Ra2+ 60. Kf1 Ne2 61. Rh8 Nf4 62. Rh7 Ra1+ 63. Kf2 Ra2+ 64. Kf1 Kd6 65. Nf5+ Kc5 66. Rf7 Ra1+ 67. Kf2 Ra2+ 68. Kf1 Rxg2 69. Rxf6 Ra2 70. Ne7 Kd4 71. Nxc6+ Ke3 72. Kg1 Kxf3 73. Nxe5+ Kg3 74. Rxf4 Kxf4 75. Ng6+ Kxe4 76. Nf8 Kf5 77. Nd7 Ra4 78. Kg2 Rxh4 79. Kg3 Rg4+ 80. Kh3 Rd4 81. Nb6 Kg5 82. Nc8 Rd3+ 83. Kg2 Kg4 84. Ne7 Rd2+ 85. Kg1 h4 86. Ng6 Kg3 87. Kf1 h3 0-1


[Site "https://www.chess.com"]

[Event "Titled Tuesday Blitz May 30 Early 2023"]
[White "Bluebaum, Matthias"]
[Black "Durarbayli, Vasif"]
[WhiteFideId "24651516"]
[BlackFideId "13402935"]
[WhiteElo "2639"]
[BlackElo "2551"]
[Result "1/2-1/2"]
[Round "08"]
[TimeControl "180+2"]
[Date "2023.05.30"]
[WhiteClock "0:00:08"]
[BlackClock "0:00:04"]

1. d4 Nf6 2. c4 e6 3. Nc3 Bb4 4. e3 O-O 5. Bd2 Re8 6. Nf3 d6 7. Qc2 e5 8. a3 Bxc3 9. Bxc3 e4 10. Nd2 c6 11. Be2 d5 12. h3 Bf5 13. Rc1 Nbd7 14. g4 Bg6 15. h4 h6 16. Bb4 Nb6 17. b3 Qd7 18. Rg1 h5 19. gxh5 Bxh5 20. Bxh5 Nxh5 21. Qd1 Nf6 22. a4 Qh3 23. Nf1 Re6 24. Ng3 Kh7 25. Nh5 Nxh5 26. Qxh5+ Kg8 27. a5 Nd7 28. cxd5 cxd5 29. Qxd5 Qh2 30. Ke2 Nf8 31. Rg4 Rf6 32. Rf1 Re8 33. Bxf8 Kxf8 34. Rxe4 Rxe4 35. Qxe4 Qc7 36. f4 Qxa5 37. Rc1 Qa2+ 38. Kf3 g6 39. Qe5 Rc6 40. Rxc6 bxc6 41. Qd6+ Kg7 42. Qxc6 Qxb3 43. d5 Qd1+ 44. Ke4 a5 45. Qc3+ f6 46. Qxa5 f5+ 47. Ke5 Qd3 48. Qa7+ Kh6 49. Qd4 Qb5 50. Kf6 Qd7 51. Qc5 Qg7+ 52. Ke6 Qg8+ 53. Kd7 Qf7+ 54. Kc8 Qe8+ 55. Kc7 Qf7+ 56. Kb6 Qe8 57. d6 Kh5 58. Qe5 Qb8+ 59. Kc5 Qc8+ 60. Kd4 Qc6 61. Qd5 Qa4+ 62. Ke5 Qe8+ 63. Kf6 Qf8+ 64. Ke5 Qg7+ 65. Ke6 Qg8+ 66. Ke5 Qg7+ 67. Ke6 Qg8+ 68. Ke5 Qg7+ 1/2-1/2


[Site "https://www.chess.com"]

[Event "Titled Tuesday Blitz May 30 Early 2023"]
[White "Kramnik, Vladimir"]
[Black "Makarian, Rudik"]
[WhiteFideId "4101588"]
[BlackFideId "44105681"]
[WhiteElo "2703"]
[BlackElo "2461"]
[Result "1/2-1/2"]
[Round "08"]
[TimeControl "180+2"]
[Date "2023.05.30"]
[WhiteClock "0:00:01"]
[BlackClock "0:00:01"]

1. e4 c5 2. Nf3 d6 3. d4 cxd4 4. Nxd4 Nf6 5. Nc3 Nc6 6. Be2 e6 7. O-O Be7 8. Nxc6 bxc6 9. Qd3 d5 10. Qg3 O-O 11. Bh6 Ne8 12. Bf4 a5 13. Rad1 Bd6 14. e5 Be7 15. Ne4 Ba6 16. c4 Qb6 17. Ng5 Bxc4 18. Bxc4 dxc4 19. Rd7 Ra7 20. Be3 Bc5 21. Bxc5 Qxc5 22. Ne4 Qb6 23. Nf6+ Kh8 24. Qa3 c5 25. Rxa7 Qxa7 26. Ne4 Nc7 27. g3 Nd5 28. Qxc5 Qxc5 29. Nxc5 Rb8 30. Rc1 Rxb2 31. Rxc4 g5 32. Ra4 Rb5 33. Ne4 h6 34. Nd6 Rb1+ 35. Kg2 Kg7 36. Rxa5 Kg6 37. Ra3 Rb2 38. Rf3 g4 39. Ra3 h5 40. Ne4 Kf5 41. Nd6+ Kg6 42. Nc4 Rc2 43. Ne3 Nxe3+ 44. Rxe3 Rxa2 45. Re4 Ra5 46. h3 Kg5 47. hxg4 hxg4 48. Rf4 Rxe5 1/2-1/2


[Site "https://www.chess.com"]

[Event "Titled Tuesday Blitz May 30 Early 2023"]
[White "Pranav, V"]
[Black "Kovalenko, Igor"]
[WhiteFideId "25060783"]
[BlackFideId "14117908"]
[WhiteElo "2515"]
[BlackElo "2574"]
[Result "0-1"]
[Round "08"]
[TimeControl "180+2"]
[Date "2023.05.30"]
[WhiteClock "0:00:24"]
[BlackClock "0:01:15"]

1. e4 e6 2. d3 d5 3. Nd2 Ne7 4. Ngf3 g6 5. h4 h6 6. g3 Bg7 7. Bg2 b6 8. O-O Bb7 9. Re1 c5 10. e5 Nbc6 11. Nf1 Qc7 12. Qe2 Nf5 13. c3 a5 14. N1h2 a4 15. Ng4 Qe7 16. Bf4 b5 17. Qd1 c4 18. dxc4 bxc4 19. Rb1 O-O 20. Qd2 Kh7 21. Rbd1 Rfd8 22. Qc1 a3 23. Nf6+ Bxf6 24. exf6 Qxf6 25. bxa3 Ra7 26. g4 Nxh4 27. Nxh4 Qxh4 28. Bxh6 Qxh6 29. g5 Qg7 30. Re3 Kg8 31. Rh3 Rda8 32. Bf3 Ne5 33. Qf4 Nxf3+ 34. Qxf3 d4 35. Qf4 e5 36. Qh4 Rxa3 0-1


[Site "https://www.chess.com"]

[Event "Titled Tuesday Blitz May 30 Early 2023"]
[White "Bryakin, Mikhail"]
[Black "Narayanan.S.L"]
[WhiteFideId "4165314"]
[BlackFideId "5058422"]
[WhiteElo "2467"]
[BlackElo "2563"]
[Result "1/2-1/2"]
[Round "08"]
[TimeControl "180+2"]
[Date "2023.05.30"]
[WhiteClock "0:01:07"]
[BlackClock "0:01:00"]

1. Nf3 b6 2. g3 Bb7 3. Bg2 Nf6 4. O-O e6 5. d4 Be7 6. c4 O-O 7. Nc3 Ne4 8. Bd2 Nxc3 9. Bxc3 Be4 10. d5 Bf6 11. Rc1 a5 12. Bxf6 Qxf6 13. Qd4 Qxd4 14. Nxd4 Bxg2 15. Kxg2 Na6 16. Rfd1 Rfc8 17. e4 Nc5 18. f3 c6 19. b3 g6 20. h4 Kf8 21. dxc6 dxc6 22. Nc2 e5 23. Rd2 Rd8 24. Rcd1 Rxd2+ 25. Rxd2 Ke7 26. Kf2 f6 27. Ke3 Ne6 28. f4 h6 29. fxe5 fxe5 30. Ne1 Nc5 31. Nd3 Nd7 32. a3 Rf8 33. Rf2 Rxf2 34. Kxf2 Kd6 35. b4 a4 36. Ke3 b5 37. c5+ Ke7 38. g4 Kf6 39. Ne1 Nf8 40. Nf3 Ne6 41. Kf2 g5 42. h5 Nf4 43. Ke3 Ng2+ 44. Kf2 Nf4 45. Ke3 Ne6 46. Kd3 Ng7 47. Ke3 Ke6 48. Kd3 Ne8 49. Ke3 Nf6 50. Nh2 Kf7 51. Kd3 Ke7 52. Ke3 Ke6 53. Kd3 Nd7 54. Nf3 Nb8 55. Nd2 Na6 56. Nf3 Kf6 57. Nd2 Nc7 58. Nf3 Ne6 59. Ke3 Nf4 60. Ne1 Ke7 61. Nf3 Ke6 62. Ne1 Kf6 63. Nf3 1/2-1/2


[Site "https://www.chess.com"]

[Event "Titled Tuesday Blitz May 30 Early 2023"]
[White "Sjugirov, Sanan"]
[Black "Kukhmazov, Arsen"]
[WhiteFideId "4189302"]
[BlackFideId "24108260"]
[WhiteElo "2569"]
[BlackElo "2396"]
[Result "1-0"]
[Round "08"]
[TimeControl "180+2"]
[Date "2023.05.30"]
[WhiteClock "0:00:05"]
[BlackClock "0:00:00"]

1. e4 e5 2. Nf3 Nc6 3. Bb5 a6 4. Ba4 Nf6 5. O-O Nxe4 6. d4 b5 7. Bb3 d5 8. dxe5 Be6 9. c3 Bc5 10. Nbd2 O-O 11. Qe2 Nxd2 12. Bxd2 Qd7 13. Rad1 Na5 14. Bc2 Nc4 15. Bc1 c6 16. b3 Nb6 17. Ng5 Bf5 18. Kh1 Rfe8 19. f4 h6 20. Bxf5 Qxf5 21. g4 Qc8 22. Nh3 Nd7 23. Qg2 Nf8 24. Rde1 Qc7 25. Qg3 f6 26. exf6 gxf6 27. Qf3 Qg7 28. f5 Nh7 29. Nf4 Ng5 30. Qg2 Bd6 31. Nh5 Qf7 32. Bxg5 hxg5 33. Re6 Be5 34. Rxc6 Rac8 35. Rxa6 Rxc3 36. Re1 Rec8 37. Ng3 Rc1 38. Qf1 Qb7 39. Rxc1 d4+ 40. Kg1 Rxc1 41. Qxc1 Qxa6 42. Qc2 b4 43. Ne4 d3 44. Qc4+ Qxc4 45. bxc4 Bf4 46. Kf2 Kf7 47. h3 Ke7 48. Nc5 Be5 49. Nxd3 Bd4+ 50. Kf3 Bc3 51. Ke4 Kd6 52. Nc1 Kc5 53. Kd3 Be5 54. Nb3+ Kb6 55. Ke4 Kc6 56. Nc1 Bb2 57. Nd3 Bc3 58. Ke3 Kd6 59. Ke2 1-0


[Site "https://www.chess.com"]

[Event "Titled Tuesday Blitz May 30 Early 2023"]
[White "Boyer, Mahel"]
[Black "Kuzubov, Yuriy"]
[WhiteFideId "45102422"]
[BlackFideId "14112906"]
[WhiteElo "2439"]
[BlackElo "2496"]
[Result "0-1"]
[Round "08"]
[TimeControl "180+2"]
[Date "2023.05.30"]
[WhiteClock "0:00:01"]
[BlackClock "0:00:20"]

1. e4 c5 2. d3 g6 3. g3 Bg7 4. Bg2 Nc6 5. f4 d6 6. Nf3 e6 7. O-O Nge7 8. c3 O-O 9. Be3 b5 10. d4 cxd4 11. cxd4 b4 12. Re1 Bb7 13. Nbd2 a5 14. a4 bxa3 15. bxa3 Rb8 16. Bf2 Ba6 17. Rc1 Qd7 18. e5 dxe5 19. dxe5 Rfd8 20. Ne4 Qxd1 21. Rexd1 Rxd1+ 22. Rxd1 Nd5 23. Nc5 Be2 24. Re1 Bc4 25. Nd2 Ba2 26. Nde4 Bf8 27. Nd7 Rb2 28. Nef6+ Kg7 29. Ne8+ Kg8 30. Nef6+ Kg7 31. Nxf8 Kxf8 32. Nxh7+ Kg7 33. Nf6 Nce7 34. Bc5 Nf5 35. g4 Nxf4 36. Bf1 Nh4 37. Re3 g5 38. Nh5+ Nxh5 39. gxh5 Kh6 40. Bf8+ Kxh5 41. Be2+ Kg6 42. Bd3+ Nf5 43. Rf3 Rd2 44. Bxf5+ exf5 45. Be7 Bd5 46. Rg3 g4 47. h3 a4 48. hxg4 f4 49. Rh3 Rg2+ 50. Kf1 Ra2 51. Rh4 Bg2+ 52. Ke1 f3 53. Bc5 Re2+ 54. Kd1 f2 55. Kxe2 f1=Q+ 56. Ke3 Qe1+ 57. Kf4 Qxh4 58. Bg1 Qg5+ 59. Kg3 Bd5 60. Bd4 Qd2 61. Be3 Qxe3+ 0-1


[Site "https://www.chess.com"]

[Event "Titled Tuesday Blitz May 30 Early 2023"]
[White "Asis Gargatagli, Hipolito"]
[Black "Ilamparthi A R"]
[WhiteFideId "2260735"]
[BlackFideId "45015775"]
[WhiteElo "2557"]
[BlackElo "2348"]
[Result "0-1"]
[Round "08"]
[TimeControl "180+2"]
[Date "2023.05.30"]
[WhiteClock "0:00:26"]
[BlackClock "0:00:13"]

1. e4 c5 2. Nf3 d6 3. d4 cxd4 4. Nxd4 Nf6 5. Nc3 g6 6. Be3 Bg7 7. f3 O-O 8. Qd2 Nc6 9. Bc4 Nxd4 10. Bxd4 Be6 11. Bb3 Rc8 12. O-O-O Bxb3 13. cxb3 b5 14. Kb1 b4 15. Bxf6 Bxf6 16. Nd5 Bg7 17. Qxb4 a5 18. Qb7 Re8 19. Rc1 Rb8 20. Qc7 e6 21. Qxd8 Rexd8 22. Ne7+ Kf8 23. Nc6 a4 24. Nxd8 axb3 25. Nc6 bxa2+ 26. Kxa2 Rxb2+ 27. Ka3 Rxg2 28. Rb1 Bf6 29. Rhd1 Rxh2 30. Rxd6 Rf2 31. Rd3 h5 32. e5 Bg5 33. Rb7 h4 34. Nd8 Be7+ 35. Kb3 h3 36. Nc6 h2 37. Rd1 Bg5 38. Rb4 Rxf3+ 39. Ka4 Rh3 40. Rh1 Be3 41. Rg4 Kg7 42. Rg2 Bf4 43. Rf2 g5 44. Rg2 Kh6 45. Kb5 Kh5 46. Nd4 Bxe5 47. Ne2 g4 48. Kc6 Kg5 49. Kd7 f5 50. Kxe6 Re3 51. Kd5 Bb8 52. Nd4 Kf6 53. Rf2 Re5+ 54. Kc4 g3 55. Rfxh2 gxh2 56. Rxh2 Re4 57. Rf2 Rxd4+ 0-1


[Site "https://www.chess.com"]

[Event "Titled Tuesday Blitz May 30 Early 2023"]
[White "Papasimakopoulos, Alexandros"]
[Black "Svane, Rasmus"]
[WhiteFideId "4244125"]
[BlackFideId "4657101"]
[WhiteElo "2359"]
[BlackElo "2601"]
[Result "0-1"]
[Round "08"]
[TimeControl "180+2"]
[Date "2023.05.30"]
[WhiteClock "0:00:09"]
[BlackClock "0:00:10"]

1. Nf3 d5 2. b3 Bf5 3. Bb2 e6 4. g3 h6 5. Bg2 Nf6 6. O-O Be7 7. c4 O-O 8. d3 a5 9. a3 c5 10. cxd5 exd5 11. Nc3 d4 12. Nb5 Qb6 13. a4 Nc6 14. Nd2 Be6 15. Nc4 Qd8 16. Bc1 Bd5 17. Bf4 Bxg2 18. Kxg2 Nd5 19. Bd2 Re8 20. Rc1 Bf8 21. Re1 Re6 22. e4 dxe3 23. Bxe3 Ndb4 24. d4 cxd4 25. Nxd4 Qd5+ 26. Nf3 Nd3 27. Re2 Rd8 28. Rd2 Bb4 29. Nb6 Qf5 30. Rxd3 Qxd3 31. Qxd3 Rxd3 32. Rb1 g5 33. h3 Kg7 34. Nc4 f6 35. Nb6 Kg6 36. Na8 Re7 37. Nb6 Re8 38. Nc4 Red8 39. Rb2 Bc3 40. Rb1 Rd1 41. Rxd1 Rxd1 42. Bd2 Bxd2 43. Nfxd2 Rc1 44. Kf3 Nd4+ 45. Ke3 Nxb3 46. Nxb3 Rxc4 47. Nxa5 Rb4 48. Kd3 b6 49. Nc4 Kf5 50. a5 bxa5 51. Nxa5 h5 52. Nc6 Ra4 53. Nd4+ Ke5 54. Nf3+ Kd5 55. Ke2 Ra2+ 56. Ke3 Ra3+ 57. Ke2 Ke4 58. Nd2+ Kf5 59. Nc4 Rc3 60. Ne3+ Ke4 61. Kd2 Rd3+ 62. Ke2 Ra3 63. Ng2 Ra2+ 64. Kf1 f5 65. Ne1 f4 66. gxf4 gxf4 67. Ng2 f3 68. Ne3 Ra1+ 69. Nd1 Rxd1# 0-1


[Site "https://www.chess.com"]

[Event "Titled Tuesday Blitz May 30 Early 2023"]
[White "Pranesh M"]
[Black "Simonian, Hrair"]
[WhiteFideId "35028600"]
[BlackFideId "13302337"]
[WhiteElo "2437"]
[BlackElo "2447"]
[Result "1-0"]
[Round "08"]
[TimeControl "180+2"]
[Date "2023.05.30"]
[WhiteClock "0:01:04"]
[BlackClock "0:00:27"]

1. e4 c5 2. Nf3 e6 3. d4 cxd4 4. Nxd4 a6 5. Bd3 Bc5 6. Nb3 Be7 7. O-O d6 8. c4 b6 9. Nc3 Bb7 10. f4 Nd7 11. Kh1 Ngf6 12. Qe1 h5 13. h3 Qc7 14. Be3 h4 15. Kh2 Nh5 16. Rc1 g5 17. fxg5 d5+ 18. Kg1 dxc4 19. Be2 Ng3 20. Bf4 Bc5+ 21. Nxc5 Qxc5+ 22. Rf2 e5 23. Bd2 b5 24. Kh2 Nf8 25. b3 Ne6 26. bxc4 b4 27. Nd5 Nxe4 28. Nf6+ Nxf6 29. Rxf6 O-O-O 30. Rxf7 Kb8 31. Bxb4 Qc6 32. Bf3 e4 33. Rxb7+ Qxb7 34. Bxe4 Qc7+ 35. Kh1 Nd4 36. Ba5 Qc5 37. Rb1+ Kc8 38. Bb6 Qxg5 39. Bb7+ Kd7 40. Bxd4 1-0


[Site "https://www.chess.com"]

[Event "Titled Tuesday Blitz May 30 Early 2023"]
[White "Herrera Reyes, Jose Antonio"]
[Black "Kozak, Adam"]
[WhiteFideId "2274914"]
[BlackFideId "753246"]
[WhiteElo "2272"]
[BlackElo "2469"]
[Result "1-0"]
[Round "08"]
[TimeControl "180+2"]
[Date "2023.05.30"]
[WhiteClock "0:00:50"]
[BlackClock "0:00:05"]

1. Nf3 c5 2. g3 h5 3. h4 Nc6 4. Bg2 g6 5. d3 Bg7 6. Nc3 d6 7. O-O Rb8 8. Ng5 Bd7 9. a4 Nh6 10. e4 Nd4 11. Nd5 e6 12. Ne3 O-O 13. c3 Nc6 14. Nc4 Qe7 15. Bf4 e5 16. Bd2 f5 17. f4 fxe4 18. dxe4 Rbe8 19. Be3 Ng4 20. Qd5+ Be6 21. Nxe6 Qxe6 22. f5 Qxd5 23. exd5 Ne7 24. fxg6 Nxg6 25. Be4 Nh8 26. Bd2 Rd8 27. a5 Nf6 28. Bg2 Nf7 29. Rad1 Rfe8 30. Ne3 Nh6 31. Nc4 Nf7 32. Rf5 Nh6 33. Bxh6 1-0


[Site "https://www.chess.com"]

[Event "Titled Tuesday Blitz May 30 Early 2023"]
[White "Karthik Rajaa"]
[Black "Bjerre, Jonas Buhl"]
[WhiteFideId "25035215"]
[BlackFideId "1444948"]
[WhiteElo "2215"]
[BlackElo "2525"]
[Result "1-0"]
[Round "08"]
[TimeControl "180+2"]
[Date "2023.05.30"]
[WhiteClock "0:00:51"]
[BlackClock "0:01:21"]

1. Nf3 Nf6 2. b3 b6 3. Bb2 Bb7 4. g3 e6 5. Bg2 Be7 6. O-O O-O 7. c4 c5 8. e3 d5 9. d3 dxc4 10. bxc4 Nc6 11. Qe2 Qc7 12. Nc3 Rad8 13. Rad1 Rd7 14. Ne1 Rfd8 15. f4 Na5 16. g4 Ne8 17. f5 Bf6 18. fxe6 fxe6 19. Bxb7 Qxb7 20. Nf3 Nc6 21. g5 Be7 22. Ne4 Nd6 23. Nf6+ gxf6 24. gxf6 e5 25. Qg2+ Kh8 26. Qg7# 1-0


[Site "https://www.chess.com"]

[Event "Titled Tuesday Blitz May 30 Early 2023"]
[White "Di Benedetto, Edoardo"]
[Black "Galchenko, Matvey"]
[WhiteFideId "875740"]
[BlackFideId "24175480"]
[WhiteElo "2296"]
[BlackElo "2423"]
[Result "1-0"]
[Round "08"]
[TimeControl "180+2"]
[Date "2023.05.30"]
[WhiteClock "0:00:16"]
[BlackClock "0:00:01"]

1. d4 Nf6 2. c4 c5 3. d5 e6 4. Nc3 exd5 5. cxd5 d6 6. Nf3 g6 7. Nd2 Bg7 8. e4 O-O 9. Be2 Re8 10. O-O a6 11. a4 Nbd7 12. h3 Rb8 13. Qc2 Qc7 14. a5 b5 15. axb6 Rxb6 16. Nc4 Rb4 17. Bf4 Bf8 18. b3 Nb6 19. Bd2 Nxc4 20. Bxc4 Rb6 21. Rfe1 Bg7 22. Ra2 Nd7 23. Ne2 Rb8 24. Bxa6 Bxa6 25. Rxa6 Ne5 26. Bc3 Qb7 27. Rxd6 Qxb3 28. Qxb3 Rxb3 29. Bxe5 Bxe5 30. Rc6 Rb4 31. f4 Bg7 32. e5 g5 33. g3 gxf4 34. gxf4 Bf8 35. d6 Rb2 36. Kf2 Rd8 37. Rxc5 f6 38. Kf3 fxe5 39. fxe5 Bg7 40. Nf4 Rf8 41. Rc4 Bh6 42. Ree4 Rd2 43. Rcd4 Ra2 44. d7 Ra3+ 45. Kg4 Kf7 46. d8=Q Rxd8 47. Rxd8 1-0


[Site "https://www.chess.com"]

[Event "Titled Tuesday Blitz May 30 Early 2023"]
[White "Ahmadzada, Ahmad"]
[Black "Prohaszka, Peter"]
[WhiteFideId "13413007"]
[BlackFideId "726265"]
[WhiteElo "2388"]
[BlackElo "2626"]
[Result "1-0"]
[Round "08"]
[TimeControl "180+2"]
[Date "2023.05.30"]
[WhiteClock "0:02:13"]
[BlackClock "0:00:04"]

1. Nf3 d5 2. g3 g6 3. Bg2 Bg7 4. O-O e5 5. d3 Nc6 6. c4 dxc4 7. dxc4 Qxd1 8. Rxd1 e4 9. Ng5 f5 10. Nc3 Bxc3 11. bxc3 h6 12. Nh3 g5 13. f3 Nf6 14. Nf2 exf3 15. exf3 Be6 16. f4 g4 17. Rb1 Na5 18. Rb5 Nxc4 19. Rxb7 Rh7 20. Re1 O-O-O 21. Rxe6 Nd5 22. Rxa7 Ndb6 23. Be3 Kd7 24. Rxb6 Nxb6 25. Bxb6 Kd6 26. Bd4 Rb8 27. Be5+ Ke6 28. Bf1 Rb1 29. Kg2 Rd7 30. Bc4+ Ke7 31. Nd3 Rd1 32. Ra6 Rd2+ 33. Kf1 Rd8 34. Bf6+ Ke8 35. Bb5+ c6 36. Bxc6+ Rd7 37. Bxd7+ Kxd7 38. Nc5+ Kc7 39. Be5+ Kd8 40. Rxh6 Rxa2 41. Rh8+ Ke7 42. Rh7+ Kf8 43. Rh5 Kf7 44. Rxf5+ Kg6 45. Rf6+ Kh5 46. Rf8 Kg6 47. f5+ Kh7 48. Rh8# 1-0


[Site "https://www.chess.com"]

[Event "Titled Tuesday Blitz May 30 Early 2023"]
[White "Shuvalova, Polina"]
[Black "Fridman, Daniel"]
[WhiteFideId "24171760"]
[BlackFideId "11600454"]
[WhiteElo "2281"]
[BlackElo "2525"]
[Result "1/2-1/2"]
[Round "08"]
[TimeControl "180+2"]
[Date "2023.05.30"]
[WhiteClock "0:00:08"]
[BlackClock "0:00:10"]

1. e4 c6 2. d4 d5 3. exd5 cxd5 4. Bd3 Nc6 5. c3 Qc7 6. Ne2 Bg4 7. O-O e6 8. Qe1 Bd6 9. f3 Bh5 10. Qh4 Bg6 11. Bxg6 fxg6 12. Re1 Nf6 13. Nf4 Bxf4 14. Rxe6+ Kf7 15. Bxf4 Qb6 16. Re2 Rhe8 17. Rxe8 Rxe8 18. Qf2 Qa6 19. Nd2 Re2 20. Qf1 Nh5 21. Bg5 h6 22. c4 Nxd4 23. Nb3 Qxc4 24. Rc1 Nc2 25. Bd2 Re7 26. Qd1 Rc7 27. Na1 Qd4+ 28. Kh1 Qxb2 29. Nxc2 Qxa2 30. Be3 b6 31. Nb4 Rxc1 32. Bxc1 Qc4 33. Qxd5+ Qxd5 34. Nxd5 Ke6 35. Nc7+ Kd7 36. Nb5 a6 37. Nc3 Nf6 38. Kg1 Kc6 39. Kf2 b5 40. Ke3 b4 41. Ne4 Nd5+ 42. Kd4 Nb6 43. Bb2 a5 44. Kd3 a4 45. Bxg7 h5 46. Kc2 Kb5 47. Nd6+ Kc5 48. Ne4+ Kc4 49. Nd2+ Kb5 50. g4 Nd5 51. gxh5 gxh5 52. Be5 Ne3+ 53. Kd3 Nd5 54. f4 a3 55. Kc2 Ka4 56. f5 Ne3+ 57. Kd3 Nxf5 58. Nc4 b3 59. Nb6+ Kb5 60. Nd5 b2 61. Nc3+ Kb4 62. Na2+ Kb3 63. Nc3 a2 64. Nxa2 Kxa2 65. Bxb2 Kxb2 66. Ke4 Nh4 67. Kf4 Ng2+ 68. Kg5 h4 69. Kg4 Kc3 70. Kh3 Nf4+ 71. Kxh4 Kd4 72. Kg4 Ke4 73. h3 Ke5 74. h4 Ke4 75. h5 Nxh5 1/2-1/2


[Site "https://www.chess.com"]

[Event "Titled Tuesday Blitz May 30 Early 2023"]
[White "Bachmann, Axel"]
[Black "Veiga, Jose Francisco R P Neves"]
[WhiteFideId "3700488"]
[BlackFideId "1930087"]
[WhiteElo "2605"]
[BlackElo "2320"]
[Result "1-0"]
[Round "08"]
[TimeControl "180+2"]
[Date "2023.05.30"]
[WhiteClock "0:01:20"]
[BlackClock "0:01:26"]

1. e4 c5 2. Nf3 e6 3. d4 cxd4 4. Nxd4 Nc6 5. Nc3 Qc7 6. Qd3 Nf6 7. Ndb5 Qb8 8. Qg3 d6 9. Be3 h5 10. O-O-O Ne5 11. Nxd6+ Bxd6 12. Qxg7 Ng6 13. Qxf6 Bd7 14. Qd4 Ke7 15. Bg5+ 1-0


[Site "https://www.chess.com"]

[Event "Titled Tuesday Blitz May 30 Early 2023"]
[White "Vitiugov, Nikita"]
[Black "NikaVolkov"]
[WhiteFideId "4152956"]
[WhiteElo "2673"]
[BlackElo "2655"]
[Result "1-0"]
[Round "08"]
[TimeControl "180+2"]
[Date "2023.05.30"]
[WhiteClock "0:00:25"]
[BlackClock "0:00:00"]

1. c4 e5 2. Nc3 Nc6 3. g3 Nf6 4. Bg2 Be7 5. d3 O-O 6. Rb1 a5 7. e3 d6 8. Nge2 Be6 9. Nd5 Nb4 10. Nxe7+ Qxe7 11. a3 Nc6 12. Nc3 Qd7 13. e4 Nd4 14. Bg5 Ne8 15. O-O Bh3 16. Be3 Bxg2 17. Kxg2 f5 18. f4 Nf6 19. Nd5 fxe4 20. dxe4 Nxd5 21. cxd5 c5 22. fxe5 dxe5 23. Qh5 Qb5 24. Bxd4 exd4 25. e5 Qc4 26. e6 d3 27. Qe5 d2 28. Rfd1 Qd3 29. e7 Rfe8 30. Qe6+ Kh8 31. d6 Ra6 32. d7 1-0


[Site "https://www.chess.com"]

[Event "Titled Tuesday Blitz May 30 Early 2023"]
[White "Dragnev, Valentin"]
[Black "Melikyan, Gnel"]
[WhiteFideId "1634852"]
[BlackFideId "54109990"]
[WhiteElo "2487"]
[BlackElo "2138"]
[Result "0-1"]
[Round "08"]
[TimeControl "180+2"]
[Date "2023.05.30"]
[WhiteClock "0:00:03"]
[BlackClock "0:00:09"]

1. d4 Nf6 2. Bg5 g6 3. Bxf6 exf6 4. e3 Bg7 5. g3 O-O 6. Bg2 c6 7. c4 d6 8. Nc3 Re8 9. Nge2 Nd7 10. O-O f5 11. Qc2 a6 12. b4 Nf6 13. b5 axb5 14. cxb5 d5 15. bxc6 bxc6 16. Rfc1 Qa5 17. Nf4 Bd7 18. Nd3 Reb8 19. a4 Ne4 20. Nxe4 fxe4 21. Nc5 Bc8 22. h4 Bf8 23. Kh2 Rb4 24. Qe2 Rab8 25. Ra2 Bd6 26. Bh3 f5 27. Rac2 Rb1 28. Qd1 R1b2 29. Kg2 Qb4 30. Rxb2 Qxb2 31. Rc2 Qa3 32. h5 Kg7 33. Kh2 g5 34. Bf1 f4 35. Qc1 Qxc1 36. Rxc1 Rb2 37. Kg1 fxg3 38. fxg3 Bxg3 39. Rc3 Bf2+ 40. Kh1 Bg4 41. Bg2 Bg3 42. Rc1 Ra2 43. Kg1 Bf3 44. Bxf3 exf3 45. Rf1 g4 46. Nd3 Bh2+ 47. Kh1 Bd6 48. Rg1 Rh2# 0-1


[Site "https://www.chess.com"]

[Event "Titled Tuesday Blitz May 30 Early 2023"]
[White "Zemlyanskii, Ivan"]
[Black "Ibadov, Dashgyn"]
[WhiteFideId "24249971"]
[BlackFideId "24107514"]
[WhiteElo "2421"]
[BlackElo "2208"]
[Result "1-0"]
[Round "08"]
[TimeControl "180+2"]
[Date "2023.05.30"]
[WhiteClock "0:01:25"]
[BlackClock "0:00:00"]

1. d4 d5 2. Bf4 Nf6 3. e3 c5 4. c3 cxd4 5. exd4 Nc6 6. Nf3 Bg4 7. Nbd2 e6 8. Qb3 Bd6 9. Ne5 O-O 10. Qxb7 Nxe5 11. dxe5 Rb8 12. Qxa7 Bc7 13. Bg3 Ne4 14. Nxe4 dxe4 15. b4 e3 16. Qxe3 Bb6 17. Qf4 Qc7 18. Rc1 Bf5 19. a4 Rbd8 20. Be2 1-0


[Site "https://www.chess.com"]

[Event "Titled Tuesday Blitz May 30 Early 2023"]
[White "Sadykov, Ramil"]
[Black "Kravtsiv, Martyn"]
[WhiteFideId "24113590"]
[BlackFideId "14113147"]
[WhiteElo "2245"]
[BlackElo "2695"]
[Result "0-1"]
[Round "08"]
[TimeControl "180+2"]
[Date "2023.05.30"]
[WhiteClock "0:00:06"]
[BlackClock "0:01:26"]

1. Nf3 c6 2. g3 g6 3. Bg2 Bg7 4. O-O e5 5. c4 Ne7 6. Nc3 f5 7. d3 d6 8. Rb1 Be6 9. Bd2 h6 10. b4 O-O 11. b5 c5 12. Ne1 Qc8 13. Nc2 Nd7 14. a4 Kh7 15. a5 Rb8 16. f4 exf4 17. gxf4 Nf6 18. e4 fxe4 19. Nxe4 Nxe4 20. Bxe4 d5 21. cxd5 Bxd5 22. Qf3 Qd8 23. Be3 c4 24. dxc4 Bxc4 25. Rfd1 Qxa5 26. Bxb7 Nf5 27. Bf2 Bxb5 28. Be4 Ba4 29. Rdc1 Rxb1 30. Rxb1 Qd2 31. Ne3 Bd7 32. Nxf5 Bxf5 33. Bxf5 Rxf5 34. Bxa7 Rxf4 35. Be3 Qxh2+ 36. Kxh2 Rxf3 37. Re1 g5 38. Kg2 Rf5 39. Rd1 Kg6 40. Rd7 Be5 41. Re7 Bd6 42. Rb7 Rf6 43. Rb6 Bf4 44. Rxf6+ Kxf6 45. Bd4+ Kf5 46. Bf2 Kg4 47. Be1 h5 48. Bf2 h4 49. Be1 h3+ 50. Kh1 Kf3 51. Bh4 g4 52. Bf2 Bd2 53. Bh4 Bf4 54. Kg1 Bg3 55. Bd8 Bf2+ 56. Kh1 g3 0-1


[Site "https://www.chess.com"]

[Event "Titled Tuesday Blitz May 30 Early 2023"]
[White "Streltsov, Alexey"]
[Black "Mahdavi, Reza"]
[WhiteFideId "24104434"]
[BlackFideId "12595926"]
[WhiteElo "2604"]
[BlackElo "2352"]
[Result "0-1"]
[Round "08"]
[TimeControl "180+2"]
[Date "2023.05.30"]
[WhiteClock "0:01:52"]
[BlackClock "0:02:19"]

1. d4 Nf6 2. Bf4 g6 3. Nc3 d5 4. Qd2 Bg7 5. O-O-O O-O 6. Bh6 c5 7. Bxg7 Kxg7 8. dxc5 Qa5 9. Kb1 Rd8 10. Ne4 Qxd2 11. Nxd2 Na6 12. Nb3 Ne4 13. Nh3 Bxh3 14. gxh3 Nxf2 15. Bg2 Nxh1 16. Bxh1 e6 17. h4 Rac8 18. h5 Nxc5 19. hxg6 hxg6 20. Nd4 Ne4 21. Bf3 Ng5 22. Bg2 Rh8 23. Rh1 Rh4 24. c3 Rch8 25. h3 Nxh3 26. Nf3 R4h5 0-1


[Site "https://www.chess.com"]